 Dungeon Crawl Stone Soup version 0.22-a0-247-gbddf880 (webtiles) character file.

662 Amnesiac the Prestidigitator (level 7, -5/32 HPs)
             Began as a Spriggan Artificer on Feb 26, 2018.
             Killed themself with a badly aimed iceblast (27 damage)
             ... on level 5 of the Dungeon.
             The game lasted 00:06:04 (1442 turns).

Amnesiac the Prestidigitator (Spriggan Artificer)   Turns: 1442, Time: 00:06:05

Health: -5/32      AC:  4    Str: 10    XL:     7   Next: 30%
Magic:  15/15      EV: 18    Int: 12    God:
Gold:   147        SH:  0    Dex: 17    Spells: 6/6 levels left

rFire    . . .     SeeInvis +   a - +4 quarterstaff (chaos)
rCold    . . .     Gourm    .   (shield currently unavailable)
rNeg     . . .     Faith    .   r - +0 robe
rPois    .         Spirit   .   (helmet restricted)
rElec    .         Reflect  .   q - +1 cloak
rCorr    .         Harm     .   (gloves unavailable)
MR       +....                  (boots unavailable)
Stlth    ++........             (no amulet)
HPRegen  0.10/turn              (no ring)
MPRegen  0.14/turn              (no ring)

@: very quick
A: very small, unfitting armour, see invisible, herbivore, speed 3, slow
metabolism 2
a: no special abilities


You were on level 5 of the Dungeon.
You were not hungry.

You visited 1 branch of the dungeon, and saw 5 of its levels.

You collected 147 gold pieces.

Inventory:

Hand Weapons
 a - a +4 quarterstaff of chaos (weapon)
 b - a +0 short sword
 h - a +1 trident of flaming
 j - a +0 hunting sling
Missiles
 g - 39 stones (quivered)
 n - 30 poisoned needles
Armour
 q - a +1 cloak (worn)
 r - a +0 robe (worn)
Wands
 c - a wand of flame (3)
 d - a wand of enslavement (14)
 e - a wand of random effects (28)
 i - a wand of paralysis (7)
Scrolls
 k - a scroll of identify {!r, unknown}
 o - a scroll of immolation {!r}
 s - a scroll of teleportation {!r, unknown}
Potions
 l - a potion of lignification {!q, unknown}
 m - a potion of curing {!q, unknown}
 p - a potion of flight {!q, unknown}
 t - a potion of agility {!q, unknown}
Comestibles
 f - 4 rations


   Skills:
 - Level 0.7 Fighting
 - Level 4.1 Short Blades
 - Level 3.0 Dodging
 - Level 1.5 Stealth
 + Level 10.0 Evocations


You had 6 spell levels left.
You didn't know any spells.

Dungeon Overview and Level Annotations

Branches:
Dungeon (5/15)
 Temple: D:4-7

Altars:
Sif Muna
Uskayaw


Innate Abilities, Weirdness & Mutations

You are very small and have problems with some larger weapons.
You are too small for most types of armour.
You have supernaturally acute eyesight. (SInv)
You are a herbivore.
You cover ground extremely quickly.
You need consume almost no food.


Message History

Your Evocations skill increases to level 10!
You start resting.
HP restored.
You open the door.
There is an open door here.
You now have 141 gold pieces (gained 14).
You open the door.
An orc comes into view. It is wielding a mace.
An orc is nearby!
An orc is nearby!
An orc and an orc priest come into view.
The orc priest shouts!
You hear a shout!
The orc shouts!
Found a scroll labeled GIAPPI NEANILU.
A centaur skeleton comes into view.
There is an open door here.
Found a yellow potion.
An iguana comes into view.
Found 21 gold pieces and a runed hand axe.
Found a hide-covered altar of Uskayaw.
The iguana hisses angrily.
Found a ration.
An adder zombie comes into view.
You see here a yellow potion {!q}.
t - a yellow potion {!q} You see here 6 gold pieces.
You now have 147 gold pieces (gained 6).
The iguana bites you!
The adder zombie bites you but does no damage.
You see here a ration.
f - 4 rations (gained 1)
The adder zombie barely misses you. The iguana misses you.
The orc priest miscasts a cantrip.
Evoke which item? (* to show all) (? for menu, Esc to quit)
Aiming: Enslavement
Press: ? - help, Shift-Dir - straight line, f - orc priest
Aim: an orc priest, wielding a flail (chance to defeat MR: 72%)
Okay, then.
Evoke which item? (* to show all) (? for menu, Esc to quit)
Aiming: Random Effects
Press: ? - help, Shift-Dir - straight line, f - orc priest
Aim: an orc priest, wielding a flail The orc priest struggles to resist.
Evoke which item? (* to show all) (? for menu, Esc to quit)
Aiming: Random Effects
Press: ? - help, Shift-Dir - straight line, f/p - orc priest
Aim: an orc priest, wielding a flail The orc priest seems to speed up.
The adder zombie closely misses you.
Evoke which item? (* to show all) (? for menu, Esc to quit)
Aiming: Random Effects
Press: ? - help, Shift-Dir - straight line, f/p - orc priest
Aim: an orc priest, wielding a flail (fast)
The puff of frost misses the orc priest.
The adder zombie completely misses you.
Evoke which item? (* to show all) (? for menu, Esc to quit)
Aiming: Random Effects
Press: ? - help, Shift-Dir - straight line, f/p - orc priest
Aim: an orc priest, wielding a flail (fast)
The mass of ice explodes!
The iceblast engulfs the orc priest.
You kill the orc priest!
Training target 4.0 for Short Blades reached!
Your Short Blades skill increases to level 4!
The iceblast engulfs you!
Ouch! That really hurt!
You die...

....o. #......
#.o..# #....#
##....######
##..........#
.'..........#
##..........#######
#.............)@.#
+..........#####Z#
#................#
#.....8.......8..#
#...........oo...#
#.....8.......8..#
#.........)......#
#.....8..._...8..#
#####.$..###.....#


You could see an adder zombie.

Vanquished Creatures
  Eustachio (D:4)
  An orc warrior (D:4)
  An ice beast (D:5)
  A phantom (D:4)
  An ogre (D:4)
  A hound (D:4)
  An orc priest (D:5)
  Crazy Yiuf (D:4)
  2 worker ants (D:4)
  An adder (D:4)
  A shadow imp (D:5)
  9 orcs (D:4)
  A bat (D:3)
22 creatures vanquished.

Vanquished Creatures (others)
  An orc (D:4)
1 creature vanquished.

Grand Total: 23 creatures vanquished

Notes
Turn   | Place    | Note
-------+----------+-------------------------------------------
     0 | D:1      | Amnesiac the Spriggan Artificer began the quest for the Orb.
     0 | D:1      | Reached XP level 1. HP: 9/9 MP: 4/4
   171 | D:4      | Noticed a worker ant
   194 | D:4      | Killed a worker ant
   194 | D:4      | Reached skill level 5 in Evocations
   194 | D:4      | Reached XP level 2. HP: 14/14 MP: 4/6
   255 | D:4      | Noticed an ogre
   264 | D:4      | Noticed Eustachio
   266 | D:4      | Noticed a crimson imp
   276 | D:4      | Noticed an orc warrior
   296 | D:4      | Killed an orc warrior
   296 | D:4      | Reached skill level 7 in Evocations
   296 | D:4      | Reached XP level 3. HP: 15/17 MP: 7/9
   296 | D:4      | Reached XP level 4. HP: 19/21 MP: 7/10
   313 | D:4      | Killed an ogre
   313 | D:4      | Reached XP level 5. HP: 24/25 MP: 8/11
   429 | D:4      | Noticed a phantom
   505 | D:4      | Killed a phantom
   505 | D:4      | Reached skill level 8 in Evocations
   505 | D:4      | Reached XP level 6. HP: 14/29 MP: 11/13
   628 | D:4      | Killed Eustachio
   628 | D:4      | Reached skill level 9 in Evocations
  1207 | D:4      | Found a runed door.
  1215 | D:4      | Noticed Crazy Yiuf
  1218 | D:4      | Killed Crazy Yiuf
  1218 | D:4      | Reached XP level 7. HP: 29/32 MP: 15/15
  1301 | D:5      | Entered Level 5 of the Dungeon
  1323 | D:5      | Found a deep blue altar of Sif Muna.
  1353 | D:5      | Reached skill level 10 in Evocations
  1416 | D:5      | Found a hide-covered altar of Uskayaw.
  1442 | D:5      | Killed themself with a badly aimed iceblast

Vault maps used:
D:1:      dpeg_arrival_rooms_with_view
D:2:      nemelex_xobeh_ov_fountains_minmay, lemuel_crystal_altar,
          cheibriados_altar_1, uniq_natasha
D:3:      first_ration, dk_vineyard_1
D:4:      uniq_crazy_yiuf_cottage, uniq_eustachio
D:5:      kennysheep_mini_moat, kennysheep_little_box,
          overflow_temple_1_default, eat_drink_and_be_merry_uskayaw,
          lemuel_temple_firewalk_a, serial_shops, nicolae_shop_trees

Skill      XL: |  1  2  3  4  5  6  7 |
---------------+----------------------+-----
Evocations     | 5 7 8 9 10 | 10.0
Short Blades   | 3 4 |  4.1
Fighting       | |  0.7
Dodging        | |  3.0
Stealth        | |  1.5

Action                   |  1- 3 |  4- 6 |  7- 9 || total
-------------------------+-------+-------+-------++-------
Melee: Short sword       |     5 |    24 |     2 ||    31
       Trident           |       |    16 |       ||    16
       Quarterstaff      |       |       |     6 ||     6
Evoke: Wand              |    10 |    24 |     4 ||    38
  Use: Scroll            |     1 |       |       ||     1
 Stab: Paralysed         |       |    10 |       ||    10
       Confused          |       |     1 |       ||     1
       Petrified         |       |       |     2 ||     2
Armor: Robe              |     5 |     1 |     2 ||     8
Dodge: Dodged            |    33 |    19 |     7 ||    59

Table legend:
 A = Spawn XP
 B = Non-spawn XP
 C = Spawn XP percentage of total XP
 D = Spawn monster count
 E = Non-spawn monster count
 F = Spawn count percentage of total count
 G = Total turns spent on level
                    A         B        C        D         E        F      G
               +---------+---------+-------+---------+---------+-------+---------
         Total |       0 |     947 |   0.0 |       0 |      22 |   0.0 |  1442
               +---------+---------+-------+---------+---------+-------+---------
           D:3 |       0 |       1 |   0.0 |       0 |       1 |   0.0 |    75
           D:4 |       0 |     763 |   0.0 |       0 |      18 |   0.0 |  1130
           D:5 |       0 |     183 |   0.0 |       0 |       3 |   0.0 |   141
               +---------+---------+-------+---------+---------+-------+---------
